 Seeded DCSS version 0.29.1-15-g9cfb28693d (webtiles) character file.

Game seed: 9923064666310229702 (custom seed)

329 Gelion the Digger (level 6, -3/35 HPs)
             Began as a Deep Elf Earth Elementalist on Mar 10, 2023.
             Succumbed to Ijyb's poison
             ... on level 3 of the Dungeon.
             The game lasted 00:06:14 (2918 turns).

Gelion the Digger (Deep Elf Earth Elementalist)     Turns: 2918, Time: 00:06:15

Health: -3/35      AC:  2    Str:  5    XL:     6   Next: 25%
Magic:  10/14      EV: 12    Int: 22    God:
Gold:   70         SH:  0    Dex: 15    Spells: 7/13 levels left

rFire   . . .      SeeInvis .   d - +0 quarterstaff
rCold   . . .      Faith    .   (shield currently unavailable)
rNeg    . . .      Spirit   .   a - +0 robe
rPois   .          Reflect  .   (no helmet)
rElec   .          Harm     .   (no cloak)
rCorr   .          Rampage  .   (no gloves)
Will    .....                   (no boots)
Stlth   ++........              (no amulet)
HPRegen 0.11/turn               (no ring)
MPRegen 0.14/turn               (no ring)

@: lethally poisoned (-3 -> -31)
A: no striking features
a: no special abilities


You were on level 3 of the Dungeon.
You visited 1 branch of the dungeon, and saw 3 of its levels.
You also visited: Sewer.

You collected 70 gold pieces.

Inventory:

Hand Weapons
 d - a +0 quarterstaff (weapon)
Armour
 a - a +0 robe (worn)
Wands
 f - a wand of flame (18)
Scrolls
 e - a scroll of fear {unknown}
 g - 4 scrolls of identify {unknown}
 h - a scroll of amnesia {unknown}
 j - a scroll of vulnerability {unknown}
 l - 2 scrolls of enchant weapon {unknown}
Potions
 b - 2 potions of heal wounds
 c - 2 potions of flight
 k - a potion of degeneration {unknown}
 m - a potion of mutation {unknown}


   Skills:
 + Level 1.8 Fighting
 + Level 2.0 Staves
 - Level 2.4 Dodging
 - Level 2.4 Stealth
 + Level 4.4 Spellcasting
 + Level 1.6 Conjurations
 + Level 2.7 Transmutations
 * Level 5.1 Earth Magic


You had 7 spell levels left.
You knew the following spells:

 Your Spells              Type           Power      Damage    Failure   Level
a - Sandblast             Erth           54%        2d13      1%          1
b - Passwall              Tmut/Erth      18%        N/A       3%          2
c - Stone Arrow           Conj/Erth      38%        3d9       9%          3

Your spell library contained the following spells:

 Spells                   Type           Power      Damage    Failure   Level
 Petrify                  Tmut/Erth      22%        N/A       22%         4


Dungeon Overview and Level Annotations

Branches:
Dungeon (3/15)              Sewer (visited)

Altars:
Cheibriados


Message History

Ijyb is heavily wounded.
Ijyb zaps a wand.
The bolt of dispelling energy hits you!
Casting: Sandblast (safe; 1% risk of failure)
Confirm with . or Enter, or press ? or * to list all spells.
Aiming: Sandblast (safe; 1% risk of failure)
Press: ? - help, Shift-Dir - straight line, f/p - Ijyb
Aim: Ijyb, wielding a +2 dagger of venom, wearing a +0 scale mail and carrying a wand of quicksilver (4) (heavily wounded, 81% to hit)
The blast of sand hits Ijyb.
Ijyb is severely wounded.
Casting: Sandblast (safe; 1% risk of failure)
Confirm with . or Enter, or press ? or * to list all spells.
Aiming: Sandblast (safe; 1% risk of failure)
Press: ? - help, Shift-Dir - straight line, f/p - Ijyb
Aim: Ijyb, wielding a +2 dagger of venom, wearing a +0 scale mail and carrying a wand of quicksilver (4) (severely wounded, 81% to hit)
The blast of sand hits Ijyb!
Ijyb is almost dead.
Ijyb hits you with a +2 dagger of venom.
You are poisoned.
Casting: Sandblast (safe; 1% risk of failure)
Confirm with . or Enter, or press ? or * to list all spells.
Aiming: Sandblast (safe; 1% risk of failure)
Press: ? - help, Shift-Dir - straight line, f/p - Ijyb
Aim: Ijyb, wielding a +2 dagger of venom, wearing a +0 scale mail and carrying a wand of quicksilver (4) (almost dead, 81% to hit)
The blast of sand hits Ijyb.
Ijyb is almost dead.
You feel very sick.
Ijyb hits you with a +2 dagger of venom.
* * * LOW HITPOINT WARNING * * *
You are lethally poisoned!
Ijyb hits you with a +2 dagger of venom.
* * * LOW HITPOINT WARNING * * *
You are more poisoned.
Casting: Sandblast (safe; 1% risk of failure)
Confirm with . or Enter, or press ? or * to list all spells.
Aiming: Sandblast (safe; 1% risk of failure)
Press: ? - help, Shift-Dir - straight line, f/p - Ijyb
Aim: Ijyb, wielding a +2 dagger of venom, wearing a +0 scale mail and carrying a wand of quicksilver (4) (almost dead, 81% to hit)
The blast of sand hits Ijyb!
You kill Ijyb!
You die...

##### ###### #...#
#.....
..###...#########.....
#...'...'.......'.....
.###...#########.....
#...# #..... #@..#
#..... #)..# #...).
..### #..... ##.#
#..... ..# #..... ####
######


There were no monsters in sight!

Vanquished Creatures
  2 kobold brigands (Sewer)
  An orc priest (D:3)
  Ijyb (D:3)
  9 adders
  A river rat (Sewer)
  2 worms (D:2)
  4 dart slugs
  4 orcs (D:3)
  6 bats
  2 endoplasms (D:3)
  2 giant cockroaches
  5 goblins
  2 hobgoblins
  3 jackals
  2 quokkas
  2 ball pythons
  A frilled lizard (D:2)
  8 kobolds
  6 rats
63 creatures vanquished.

Notes
Turn   | Place    | Note
-------+----------+-------------------------------------------
     0 | D:1      | Gelion the Deep Elf Earth Elementalist began the quest for
                  | the Orb.
     0 | D:1      | Reached XP level 1. HP: 10/10 MP: 6/6
    86 | D:1      | Reached XP level 2. HP: 12/16 MP: 2/8
    86 | D:1      | Found a faded altar of an unknown god.
  1088 | D:2      | Reached XP level 3. HP: 20/20 MP: 6/9
  1122 | D:2      | Learned a level 2 spell: Passwall
  1126 | D:2      | Learned a level 3 spell: Stone Arrow
  1360 | D:2      | Reached skill level 4 in Earth Magic
  1643 | D:2      | Reached skill level 1 in Fighting
  1669 | D:2      | Reached XP level 4. HP: 25/25 MP: 9/11
  2071 | D:3      | Found a glowing drain.
  2092 | D:3      | Reached skill level 1 in Staves
  2199 | D:3      | Found a snail-covered altar of Cheibriados.
  2229 | Sewer    | Entered a sewer
  2319 | Sewer    | Noticed a kobold brigand
  2321 | Sewer    | Noticed a kobold brigand
  2330 | Sewer    | Killed a kobold brigand
  2331 | Sewer    | Reached skill level 1 in Conjurations
  2331 | Sewer    | Reached XP level 5. HP: 23/29 MP: 3/13
  2346 | Sewer    | Reached XP level 6. HP: 24/35 MP: 14/14
  2533 | Sewer    | Found a white marble altar of Elyvilon.
  2728 | D:3      | Reached skill level 5 in Earth Magic
  2910 | D:3      | Noticed Ijyb
  2918 | D:3      | Killed Ijyb
  2918 | D:3      | Succumbed to Ijyb's poison

Illustrated notes

Levels and vault maps discovered:
D:1:      amcnicky_arrival_single_pillar, layout_loops_corners,
          hellmonk_ecumenical_altar_lost_god
D:2:      layout_loops_ring
D:3:      layout_basic, general_overflow_altar, gup_sewer_entry_glass, uniq_ijyb

Skill      XL: |  1  2  3  4  5  6 |
---------------+-------------------+-----
Earth Magic    | 4 5 |  5.1
Fighting       | 1 |  1.8
Transmutations | 2 |  2.7
Staves         | 1 2 |  2.0
Spellcasting   | 4 |  4.4
Conjurations   | 1 |  1.6
Dodging        | |  2.4
Stealth        | |  2.4

Action                   |  1- 3 |  4- 6 || total
-------------------------+-------+-------++-------
 Cast: Sandblast         |    44 |    54 ||    98
  Use: Potion            |       |     4 ||     4
Armor: Robe              |     2 |     4 ||     6
       Skin              |       |     7 ||     7
Dodge: Dodged            |     9 |    15 ||    24
